AoeStats
← EL PITUFO ENRIQUE

Arabia

509225550Analyzed
1v1 RM · 6d ago on Sep 26, 2026· 37m 37s· 2 players
Game mode
Random Map
Map size
Tiny (2 player)
Population
200
Speed
Normal
Resources
Standard
Victory
Conquest
Starting age
Dark Age
Ending age
Imperial Age
RankedLock teamsTeams togetherTeam positionsShared explorationLock speedFull tech treeHidden civsTurbo modeCheats
Victory
Defeat
🇦🇷 Ethiopians · Argentina
1083
+16
🇺🇸 Varangians · United States
1091
-16
EL PITUFO ENRIQUE
7:54 Loom
10:23 Feudal Age
11:31 Double-Bit Axe
21:59 Castle Age
21:33 Horse Collar
22:03 Crossbowman
23:28 Fletching
25:13 Bow Saw
31:04 Padded Archer Armor
34:42 Bodkin Arrow
HüüDY DüüDY
5:04 Loom
10:06 Feudal Age
10:49 Double-Bit Axe
13:06 Bloodlines
18:35 Wheelbarrow
18:13 Scale Barding Armor
18:35 Forging
23:45 Castle Age
25:10 Elite Skirmisher
27:00 Fletching
28:37 Gold Mining
31:57 Iron Casting
33:41 Chain Barding Armor
Connection lost

Rejoining the realm…

Still unreachable

The connection could not be restored.

Session expired

The server has moved on; the page needs a fresh start.